[Event "Open Cappelle-la-Grande"]
[Date "2025.02.17"]
[White "Iniyan, Pa"]
[Black "Abergel, Thal"]
[WhiteElo "2523"]
[BlackElo "2419"]
[Round "4.4.1"]
[Result "*"]
[TimeControl "40/5400+30:1800+30"]

1. d4 d6 2. Nf3 c6 3. c4 Bg4 4. Nc3 Nd7 5. e4 g6 6. Be2 Bg7 7. Be3 Qc7 8. Ng1 Bxe2 9. Ngxe2 e5 10. d5 Ne7 11. g4 h5 12. g5 O-O 13. Qd2 a6 14. a4 cxd5 15. cxd5 b5 16. Nc1 f5 17. gxf6 Nxf6 18. f3 Qd7 19. axb5 axb5 20. Rxa8 Rxa8 21. O-O b4 22. Nd1 Qb5 23. Nf2 Nd7 24. Ncd3 b3 25. Qb4 Qxb4 26. Nxb4 Kh7 27. Rc1 Rc8 28. Ra1 Rc7 29. Nfd3 Bh6 30. Bxh6 Kxh6 31. Ra6 Nc8 32. Rc6 Rxc6 33. dxc6 Ndb6 34. Nc1 Nc4 35. Nxb3 Kg7 36. Kf2 Nxb2 37. Na5 Na4 38. Nc4 Kf7 39. Nd5 Ke8 40. Nc7+ Ke7 41. Kg3 g5 42. Ne3 Kf7 43. Ncd5 Nc5 44. Nc4 Ne6 45. Ncb6 Nxb6 46. Nxb6 Ke7 47. Nc8+ Kd8 48. Nxd6 Kc7 49. Nf7 Kxc6 50. h4 gxh4+ 51. Kxh4 Nd4 52. Nxe5+ Kd6 53. Nc4+ Kc5 54. Ne5 Kd6 55. f4 Ne2 56. Kg5 h4 57. Ng4 h3 58. f5 Nd4 59. Kf4 Ne2+ 60. Ke3 Ng3 61. Kf4 Ne2+ 62. Kf3 Nc3 63. Ke3 Nb5 64. Kf4 Nc3 65. Kf3 Ke7 66. e5 Nb5 67. Ke4 Nc3+ 68. Kf4 Nb5 69. Kg5 Nd4 70. Kf4 Nb5 71. Nh2 Nd4 72. Nf3 Ne2+ 73. Kg5 Nd4 74. Kg4 Nc6 75. Kf4 Nd4 76. Ke4 Ne2 77. f6+ Kd7 78. Kf5 Nd4+ 79. Nxd4 h2 80. e6+ Kd6 81. f7 *

[Variant "Standard"]
[Site "Europe Echecs"]

[Event "Open Cappelle-la-Grande"]
[Date "2025.02.17"]
[White "Muthaiah AL"]
[Black "Enchev, Ivajlo"]
[WhiteElo "2474"]
[BlackElo "2407"]
[Round "4.4.2"]
[Result "1-0"]
[TimeControl "40/5400+30:1800+30"]

1. d4 d5 2. Bf4 c5 3. e3 Nc6 4. Nf3 Nf6 5. Nbd2 cxd4 6. exd4 g6 7. c3 Bg7 8. Bd3 Bf5 9. Bxf5 gxf5 10. O-O e6 11. Ne1 O-O 12. Nd3 Ne7 13. Re1 Ng6 14. Bg5 Qc7 15. Bxf6 Bxf6 16. Nf1 Be7 17. Ng3 Bd6 18. Qh5 Kh8 19. Qh3 Rg8 20. Nh5 Qe7 21. Kh1 f4 22. g3 fxg3 23. hxg3 f5 24. Re3 Rae8 25. Rae1 Qf7 26. Rf3 Ne7 27. Qh4 Rg6 28. Nhf4 Rg4 29. Qh3 Ng8 30. Rfe3 Bxf4 31. Nxf4 Nf6 32. f3 Rxf4 33. gxf4 Nh5 34. Qh4 Rg8 35. Rg1 Rxg1+ 36. Kxg1 h6 37. Re2 Kh7 38. Rh2 Qg7+ 39. Rg2 Qf7 40. Rh2 Qg7+ 41. Kf2 Nf6 42. Qg5 Qf8 43. Qg1 Qd6 44. Qc1 Ng8 45. Qe3 Nf6 46. Qe5 Qe7 47. Kf1 Ne8 48. Re2 Ng7 49. Qxd5 Qh4 50. Qxb7 Qxf4 51. Rxe6 h5 52. Re7 Qc1+ 53. Kg2 1-0

[Variant "Standard"]
[Site "Europe Echecs"]

[Event "Open Cappelle-la-Grande"]
[Date "2025.02.17"]
[White "Travadon, Loic"]
[Black "Petriashvili, Nikoloz"]
[WhiteElo "2401"]
[BlackElo "2450"]
[Round "4.4.3"]
[Result "1/2-1/2"]
[TimeControl "40/5400+30:1800+30"]

1. e4 e5 2. Nf3 Nf6 3. d4 Nxe4 4. dxe5 d5 5. Nbd2 Qd7 6. Bd3 Nc5 7. Be2 Nc6 8. O-O Be7 9. Nb3 O-O 10. Nxc5 Bxc5 11. Re1 Re8 12. Bf4 Nd8 13. Bd3 Ne6 14. Bg3 a5 15. c3 b6 16. Qc2 g6 17. Rad1 Bf8 18. h4 Nc5 19. h5 Nxd3 20. Qxd3 Bc5 21. hxg6 hxg6 22. Nd4 Qg4 23. Nb3 Be6 24. Nxc5 bxc5 25. Qe3 d4 26. cxd4 Rad8 27. d5 Rxd5 28. Rxd5 Bxd5 29. Qxc5 Qb4 30. Qxb4 axb4 31. Rc1 c6 32. b3 g5 33. f3 Kh7 34. Rc2 Kg6 35. Be1 Rb8 36. Kf2 Kf5 37. Ke3 Rb5 38. Kd4 g4 39. fxg4+ Kxg4 40. g3 Kf5 41. Rc5 Rxc5 42. Kxc5 Kxe5 43. Bxb4 Ke6 44. Kb6 Kd7 45. Bd2 Be4 46. Bf4 Bd5 47. Be3 f5 1/2-1/2

[Variant "Standard"]
[Site "Europe Echecs"]

[Event "Open Cappelle-la-Grande"]
[Date "2025.02.17"]
[White "Bacrot, Alexandre"]
[Black "Yordanov, Lachezar"]
[WhiteElo "2423"]
[BlackElo "2352"]
[Round "4.4.4"]
[Result "1-0"]
[TimeControl "40/5400+30:1800+30"]

1. e4 c5 2. d4 cxd4 3. Qxd4 Nc6 4. Qe3 g6 5. Nf3 Bg7 6. Be2 d6 7. h3 Nf6 8. O-O O-O 9. c4 Nd7 10. Nc3 Qb6 11. Qg5 Nde5 12. Nxe5 Bxe5 13. Nd5 Qd8 14. Rd1 b6 15. f4 Bg7 16. Qg3 Nd4 17. Bf1 Bb7 18. Qf2 Ne6 19. Be3 Rc8 20. Rac1 Nc5 21. e5 Ne4 22. Qf3 Bxd5 23. cxd5 f5 24. exf6 Nxf6 25. Rc6 Kh8 26. Rdc1 Qd7 27. Bd3 e6 28. dxe6 Qxe6 29. f5 Qd7 30. Rxc8 Rxc8 31. Rxc8+ Qxc8 32. fxg6 hxg6 33. Bxg6 Qe6 34. Bd4 d5 35. Qf4 Kg8 36. Qb8+ Bf8 37. Qe5 Qxe5 38. Bxe5 Bc5+ 39. Kf1 Nd7 40.
Bh2 Bd4 41. Bf5 Nf6 42. b3 Kf7 43. Ke2 Ng8 44. g4 Ne7 45. Bb1 Bf6 46. Bf4 Nc6 47. g5 Nd4+ 48. Ke3 Bg7 49. h4 Nb5 50. h5 Bb2 51. Kf2 Nc3 52. g6+ Kf6 53. Be5+ Ke7 54. g7 Kf7 55. Bh7 Ne4+ 56. Kg2 1-0

[Variant "Standard"]
[Site "Europe Echecs"]

[Event "Open Cappelle-la-Grande"]
[Date "2025.02.17"]
[White "Degraeve, Remy"]
[Black "Pranesh M"]
[WhiteElo "2371"]
[BlackElo "2586"]
[Round "4.4.5"]
[Result "1/2-1/2"]
[TimeControl "40/5400+30:1800+30"]

1. d4 d5 2. c4 e6 3. Nc3 Nf6 4. cxd5 exd5 5. Bg5 Be6 6. e3 Nbd7 7. Bd3 c6 8. h3 Be7 9. Nf3 Nh5 10. Bxe7 Qxe7 11. Qb3 Nb6 12. a4 Nc8 13. a5 a6 14. O-O Nd6 15. Qc2 g6 16. Rfe1 O-O 17. e4 dxe4 18. Bxe4 Qc7 19. Qd2 Nf6 20. Qf4 Kg7 21. Ng5 Rae8 22. Nxe6+ Rxe6 23. d5 cxd5 24. Bxd5 Rxe1+ 25. Rxe1 Rd8 26. Qb4 Rd7 27. Bf3 Nc4 28. Na4 Ne5 29. Be2 Nc6 30. Qc3 Nxa5 31. Nc5 Re7 32. Bf1 Nc6 33. Rxe7 Qxe7 34. Nxa6 Qd6 35. Nc5 b6 36. Ne4 Qe6 37. Ng5 Qd6 38. Ne4 Qe6 39. Ng5 Qd6 1/2-1/2

[Variant "Standard"]
[Site "Europe Echecs"]

[Event "Open Cappelle-la-Grande"]
[Date "2025.02.17"]
[White "Laurent-Paoli, Pierre"]
[Black "Zienkiewicz, Jan"]
[WhiteElo "2565"]
[BlackElo "2345"]
[Round "4.4.6"]
[Result "0-1"]
[TimeControl "40/5400+30:1800+30"]

1. d4 Nf6 2. c4 e6 3. Nc3 Bb4 4. e3 O-O 5. a3 Bxc3+ 6. bxc3 d6 7. Ne2 e5 8. Ng3 Re8 9. Be2 Nc6 10. O-O b6 11. f3 Ba6 12. e4 Na5 13. Nf5 Bxc4 14. Bg5 Be6 15. Nxg7 Kxg7 16. f4 Qd7 17. fxe5 Nxe4 18. Bf6+ Nxf6 19. exf6+ Kh8 20. Bd3 Bc4 21. Bf5 Be6 22. Bb1 Qb5 23. Be4 c6 24. h4 Bb3 25. Qf3 Bd5 26. Rae1 Nc4 27. a4 Qa5 28. Qh5 Rxe4 29. Rxe4 Bxe4 30. Qxf7 Rg8 31. Qe7 Rxg2+ 32. Kh1 Qxc3 0-1

[Variant "Standard"]
[Site "Europe Echecs"]

[Event "Open Cappelle-la-Grande"]
[Date "2025.02.17"]
[White "Tahay, Alexis"]
[Black "Girel, Joseph"]
[WhiteElo "2386"]
[BlackElo "2484"]
[Round "4.4.7"]
[Result "1-0"]
[TimeControl "40/5400+30:1800+30"]

1. e4 e5 2. Nf3 Nc6 3. Bb5 a6 4. Ba4 Nf6 5. O-O d6 6. Qe2 Bd7 7. c3 g6 8. d4 Bg7 9. dxe5 Nxe5 10. Nxe5 dxe5 11. Bb3 Bc6 12. Nd2 Qe7 13. f3 Nh5 14. g3 O-O-O 15. Nc4 Kb8 16. Be3 f5 17. Na5 Bd7 18. Bd5 c6 19. Bxc6 Bxc6 20. Qxa6 Qc7 21. Qa7+ Kc8 22. Nc4 Kd7 23. Bb6 Qb8 24. Qa5 Ke6 25. Bc7 Qa8 26. Qc5 Kf7 27. Bxd8 Rxd8 28. Rad1 Rxd1 29. Rxd1 Qxa2 30. Nd6+ Kg8 31. Nxb7 Be8 32. Qc8 Nf6 33. Rd8 Bf8 34. Nd6 Qb1+ 35. Kg2 Qxb2+ 36. Kh3 Bxd6 37.
Rxd6 Qe2 38. Qe6+ Kg7 39. Qxf6+ Kh6 40.
Qh4+ Kg7 41. Qf6+ Kh6 42. exf5 Qxf3 43.
Qxe5 Qf1+ 44. Kh4 Qg2 45. Qe3+ 1-0

[Variant "Standard"]
[Site "Europe Echecs"]

[Event "Open Cappelle-la-Grande"]
[Date "2025.02.17"]
[White "Meillon, Judicael"]
[Black "Eugene, Floryan"]
[WhiteElo "2321"]
[BlackElo "2468"]
[Round "4.4.8"]
[Result "1/2-1/2"]
[TimeControl "40/5400+30:1800+30"]

1. Nf3 g6 2. d4 Bg7 3. e4 d6 4. Be2 Nf6 5. Nc3 O-O 6. O-O a6 7. Re1 Nc6 8. d5 Ne5 9. Nxe5 dxe5 10. Be3 Ne8 11. Na4 Nd6 12. f3 e6 13. c4 exd5 14. cxd5 f5 15. Qc2 Rf7 16. Nc5 Qe7 17. Rac1 Bf6 18. Ne6 Bxe6 19. dxe6 Qxe6 20. Bc5 Kg7 21. Bxd6 Qxd6 22. exf5 Bg5 23. fxg6 hxg6 24. Rcd1 Be3+ 25. Kh1 Bd4 26. Bc4 Rf5 27. Re4 Rh8 28. Rg4 Rfh5 29. h3 c5 30. Qe4 b5 31. Qb7+ Kh6 32. Bd3 Rg8 33. Qf7 Rg7 34. Qe8 Kh7 35. Bc2 Qf6 36. Re1 Rg8 37. Qd7+ Kh8 38. f4 Bxb2 39. f5 g5 40. Rd1 Bd4 41. a4 Rh7 42. Qd5 Rd8 43. Qf3 Rhd7 44. axb5 axb5 45. Qb3 Rb8 46. Bd3 Be3 47. Rb1 Bf4 48. g3 c4 49. Bxc4 Qc6+ 50. Kg1 Rd2 51. gxf4 Qc5+ 52. Kh1 Qc6+ 53. Kg1 Rbd8 54. Bf1 1/2-1/2

[Variant "Standard"]
[Site "Europe Echecs"]

[Event "Open Cappelle-la-Grande"]
[Date "2025.02.17"]
[White "Flom, Gabriel"]
[Black "Belkaid, Sohan"]
[WhiteElo "2455"]
[BlackElo "2370"]
[Round "4.4.9"]
[Result "1/2-1/2"]
[TimeControl "40/5400+30:1800+30"]

1. d4 d5 2. c4 e6 3. Nc3 Nf6 4. cxd5 exd5 5. Bg5 Bb4 6. e3 h6 7. Bh4 g5 8. Bg3 Ne4 9. a3 Bxc3+ 10. bxc3 h5 11. f3 Nxg3 12. hxg3 Qd6 13. Kf2 Be6 14. Qa4+ Nc6 15. Bb5 Bd7 16. Ne2 a6 17. Rab1 Kf8 18. Bxc6 Bxc6 19. Qb4 Rd8 20. g4 h4 21. g3 h3 22. Rh2 Kg7 23. Rbh1 Qg6 24. Qb1 Qxb1 25. Rxb1 Rd6 26. Ng1 Rdh6 27. f4 Bb5 28. Nf3 Rc6 29. Rc1 f6 30. Ke1 Bd3 31. fxg5 Be4 1/2-1/2

[Variant "Standard"]
[Site "Europe Echecs"]

[Event "Open Cappelle-la-Grande"]
[Date "2025.02.17"]
[White "Akhvlediani, Irakli"]
[Black "Duboue, Peio"]
[WhiteElo "2369"]
[BlackElo "2440"]
[Round "4.4.10"]
[Result "1/2-1/2"]
[TimeControl "40/5400+30:1800+30"]

1. c4 e5 2. g3 Nf6 3. Bg2 c6 4. Nf3 e4 5. Nd4 d5 6. cxd5 Qxd5 7. Nc2 Qh5 8. h3 Qg6 9. Nc3 Bd6 10. Ne3 O-O 11. d3 exd3 12. Qxd3 Qxd3 13. exd3 Na6 14. O-O Be6 15. d4 Nc7 16. g4 Rfe8 17. g5 Nfd5 18. Nexd5 Nxd5 19. Nxd5 Bxd5 20. Bxd5 cxd5 21. Be3 Rac8 22. Rac1 Kf8 23. Rxc8 Rxc8 24. Rc1 Rxc1+ 25. Bxc1 Ke7 26. Kg2 Ke6 27. f4 Kf5 28. Kf3 g6 29. Bd2 Bf8 30. Be3 h6 31. gxh6 Bxh6 32. Bd2 Bf8 33. Be3 Bb4 34. Bc1 b5 35. Be3 a5 36. b3 a4 37. bxa4 bxa4 38. Bc1 Bc3 39. Be3 Bb2 40. Bf2 Bc1 41. Be3 Ba3 42. Bd2 Be7 43. Bc1 Bd6 44. Bd2 Bf8 45. Bc1 Be7 46. Bd2 Ke6 47. Kg4 Bf6 48. Bc3 Kd7 49. Kf3 Kc6 50. Ke3 Kb5 51. Kd3 Be7 52. f5 gxf5 53. Be1 Kc6 54. Ke3 Kd7 55. Kf4 Ke6 56. Bf2 Bb4 57. Be3 Kf6 58. Kf3 Kg6 59. Kf4 Bd6+ 60. Kf3 Be7 61. Bf2 Bg5 62. Bg3 Bc1 63. Bf4 Bb2 64. Be3 Ba3 65. Kf4 Bd6+ 66. Kf3 Kh5 67. Bf2 Kg5 68. Be1 Bf8 69. Bf2 f4 70. Be1 Bg7 71. Bf2 Kf5 72. Bg1 Bh8 73. Bf2 Bf6 74. Bg1 Bh4 75. Bh2 Bf6 76. Bg1 Bd8 77. Bf2 Ba5 78. Bg1 Bd2 79. Bf2 Kg5 80. Ke2 Bc1 81. Kf3 Kh5 82. Ke2 Kg6 83. Kf3 Kf5 84. Bg1 Bb2 85. Bf2 Bc3 86. Bg1 Ba5 87. Bf2 Kg5 88. Ke2 Bb4 89. Kf3 Bc3 90. Ke2 f6 91. Kf3 Bd2 92. Ke2 Bc1 93. Kf3 Kf5 94. Bg1 Bd2 95. Bf2 Bc3 96. Bg1 Ba1 97. Bf2 Bb2 98. Bg1 a3 99. Bf2 Kg5 100. Ke2 Bc1 101. Kf3 Be3 102. Bxe3 fxe3 103. Kxe3 Kh4 104. Kf4 Kxh3 105. Kf5 Kg3 106. Ke6 Kg4 107. Kxd5 f5 108. Kc5 f4 109. d5 f3 110. d6 f2 111. d7 f1=Q 112. d8=Q Qc1+ 113. Kb4 Qb2+ 114. Ka4 Qxa2 115. Qd4+ Kf3 116. Qc3+ Ke2 117. Qxa3 Qxa3+ 118. Kxa3 1/2-1/2

[Variant "Standard"]
[Site "Europe Echecs"]

[Event "Open Cappelle-la-Grande"]
[Date "2025.02.17"]
[White "Daeschler, Florian"]
[Black "Nikolov, Momchil"]
[WhiteElo "2258"]
[BlackElo "2433"]
[Round "4.4.11"]
[Result "1/2-1/2"]
[TimeControl "40/5400+30:1800+30"]

1. e4 c5 2. Nf3 e6 3. d4 cxd4 4. Nxd4 Nc6 5. Nc3 Qc7 6. Ncb5 Qb8 7. Bd3 Ne5 8. O-O a6 9. Nc3 b5 10. Re1 Nxd3 11. Qxd3 Bd6 12. Nf3 Ne7 13. e5 Bb4 14. Bd2 Nf5 15. Nd4 Nxd4 16. Qxd4 Be7 17. Ne4 Bb7 18. Bb4 Bxb4 19. Qxb4 Bxe4 20. Rxe4 a5 21. Qc5 Qb7 22. Qe3 O-O 23. Rd1 Rac8 24. c3 Rc4 25. Red4 Rxd4 26. Rxd4 Rc8 27. Qd2 Rc7 28. h4 h6 29. Rg4 Rc4 30. Rxc4 bxc4 31. g3 Qb5 32. Kf1 Qa4 33. a3 Qb5 34. Kg1 Kf8 35. Qd6+ Kg8 36. Qd2 g6 37. Qe2 Qd5 38. Qe3 Qb5 39. Qe2 Kg7 40. b4 axb4 41. axb4 Qd5 42. Qe3 Qd1+ 43. Kg2 Qd5+ 44. Kg1 Qd1+ 45. Kg2 1/2-1/2

[Variant "Standard"]
[Site "Europe Echecs"]

[Event "Open Cappelle-la-Grande"]
[Date "2025.02.17"]
[White "Sorensen, Hampus"]
[Black "Terekhov, Andrey"]
[WhiteElo "2430"]
[BlackElo "2265"]
[Round "4.4.12"]
[Result "1-0"]
[TimeControl "40/5400+30:1800+30"]

1. e4 e5 2. Nf3 Nf6 3. Nxe5 d6 4. Nf3 Nxe4 5. Bd3 Nf6 6. O-O Be7 7. h3 O-O 8. c3 h6 9. Bc2 c5 10. d4 Be6 11. Nbd2 Nc6 12. Ne4 Bc4 13. Re1 cxd4 14. Nxd4 Re8 15. Nxc6 bxc6 16. Bxh6 gxh6 17. Nxf6+ Bxf6 18. Qg4+ Bg7 19. Qxc4 Qb6 20. Bb3 d5 21. Qf4 a5 22. Rab1 a4 23. Bxa4 Rxe1+ 24. Rxe1 Qxb2 25. Bxc6 Rd8 26. Qc7 Rf8 27. Re3 Qxa2 28. Rg3 Qb1+ 29. Kh2 Qf5 30. Qd6 Kh8 31. f4 Rc8 32. Bxd5 Rxc3 33. Rxc3 Bxc3 34. Qxh6+ Kg8 35. Qd6 Kg7 36. g3 Bd4 37. Bg2 Qd3 38. Qd5 Qd1 39. Qg5+ Kf8 40. Qd8+ Kg7 41. Qg5+ Kf8 42. h4 Bg7 43. Qc5+ Kg8 44. Qc8+ Bf8 45. Qc4 Qh5 46. Bd5 Be7 47. Qe4 Bf6 48. Kh3 Kg7 49. Bc4 Qg6 50. Qd5 Be7 51. Bd3 Qh6 52. Kg2 Kf8 53. Kf3 Kg7 54. Bc4 Qf6 55. h5 Qc3+ 56. Kg4 Qf6 57. Bb3 Bd6 58. Qc4 Be7 59. Kf3 Ba3 60. g4 Bb2 61. h6+ Kf8 62. Qc8+ Ke7 63. Qb7+ Kf8 64. g5 Qe7 65. Qb8+ Qe8 66. Qxe8+ Kxe8 67. f5 Kf8 68. f6 Kg8 69. Bxf7+ Kxf7 70. h7 Bxf6 71. gxf6 1-0

[Variant "Standard"]
[Site "Europe Echecs"]

[Event "Open Cappelle-la-Grande"]
[Date "2025.02.17"]
[White "Wirig, Anthony"]
[Black "Ringuet, Noe"]
[WhiteElo "2419"]
[BlackElo "2239"]
[Round "4.4.13"]
[Result "1/2-1/2"]
[TimeControl "40/5400+30:1800+30"]

1. b4 d5 2. Bb2 Qd6 3. a3 e5 4. e3 Nf6 5. d3 g6 6. Nf3 Nbd7 7. Nbd2 Bg7 8. c4 c6 9. cxd5 cxd5 10. Be2 O-O 11. Qc2 Re8 12. O-O a5 13. bxa5 Rxa5 14. d4 exd4 15. Bxd4 Nb8 16. Nb3 Bf5 17. Bd3 Bxd3 18. Qxd3 Rxa3 19. Rxa3 Qxa3 20. Bxf6 Bxf6 21. Qxd5 Nc6 22. Nc5 Rd8 23. Qc4 Qb2 24. Ne4 h6 25. Nxf6+ Qxf6 26. Qb5 Qe7 27. h4 h5 28. Rb1 Rd7 29. Qc4 Kg7 30. g3 Qf6 31. Qe4 Qc3 32. Kg2 Qf6 33. Rb5 Qe7 34. Qb1 Nd8 35. Nd4 Qf6 36. Rb6 Rd6 37. Rb5 Rd7 38. Rb6 Rd6 39. Rb5 1/2-1/2

[Variant "Standard"]
[Site "Europe Echecs"]

[Event "Open Cappelle-la-Grande"]
[Date "2025.02.17"]
[White "Liu, Casper"]
[Black "Dionisi, Thomas"]
[WhiteElo "2271"]
[BlackElo "2400"]
[Round "4.4.14"]
[Result "1/2-1/2"]
[TimeControl "40/5400+30:1800+30"]

1. d4 Nf6 2. c4 e6 3. g3 c5 4. d5 exd5 5. cxd5 d6 6. Nc3 g6 7. Bg2 Bg7 8. Nf3 O-O 9. O-O Re8 10. Bf4 h6 11. Qc1 g5 12. Be3 Bf5 13. h4 Ng4 14. Bd2 f6 15. e4 Bd7 16. a4 Na6 17. Nb5 Qb6 18. Qe1 Bxb5 19. Ba5 Bxf1 20. Bxb6 Bxg2 21. Kxg2 axb6 22. Qe2 f5 23. hxg5 Rxe4 24. Qb5 Rb4 25. Qd7 Rxb2 26. gxh6 Bxh6 27. Kg1 Rf8 28.
Re1 Rxf2 29. Nh4 Rd2 30. Qe6+ Kg7 31.
Qg6+ Kh8 32. Re7 Be3+ 33. Kf1 Rf2+ 34.
Ke1 Bd2+ 35. Kd1 Ne3+ 36. Rxe3 Bxe3 37.
Qxd6 Re8 38. Ng6+ Kg8 39. Ne7+ Rxe7 40.
Qxe7 Rd2+ 41. Ke1 Nb4 42. Qe6+ Kg7 43.
Qe7+ Kg8 44. Qe6+ Kg7 45. Qe7+ 1/2-1/2

[Variant "Standard"]
[Site "Europe Echecs"]

[Event "Open Cappelle-la-Grande"]
[Date "2025.02.17"]
[White "Defromont, Benjamin"]
[Black "Mueer, Sebastian"]
[WhiteElo "2395"]
[BlackElo "2219"]
[Round "4.4.15"]
[Result "1/2-1/2"]
[TimeControl "40/5400+30:1800+30"]

1. e4 c5 2. Nf3 e6 3. d4 cxd4 4. Qxd4 Nc6 5. Qe3 d5 6. exd5 Nb4 7. Bb5+ Bd7 8. Bxd7+ Qxd7 9. Qe2 Qxd5 10. Nc3 Qa5 11. a3 Nc6 12. Bd2 Qb6 13. O-O-O Nf6 14. Qc4 a6 15. Be3 Qc7 16. Bf4 Qa5 17. Ne4 Nxe4 18. Qxe4 Be7 19. Ne5 O-O 20. Nxc6 bxc6 21. Be5 Rfd8 22. h4 Rd5 23. Bc3 Qb6 24. Qg4 Bf8 25. Rxd5 exd5 26. h5 h6 27. Rh3 c5 28. Be5 Re8 29. Re3 Qc6 30. Bf4 d4 31. Rxe8 Qxe8 32. Kd2 c4 33. Qf5 Qc6 34. Be5 c3+ 35. bxc3 Qxc3+ 36. Kd1 Bxa3 37.
Qe4 Bb4 38. Qa8+ Kh7 39. Qe4+ Kg8 40.
Qa8+ Kh7 41. Qe4+ 1/2-1/2

[Variant "Standard"]
[Site "Europe Echecs"]

[Event "Open Cappelle-la-Grande"]
[Date "2025.02.17"]
[White "Karthik Venkataraman"]
[Black "Orieux, Etienne"]
[WhiteElo "2600"]
[BlackElo "2197"]
[Round "4.4.16"]
[Result "1-0"]
[TimeControl "40/5400+30:1800+30"]

1. b3 d5 2. Bb2 Nf6 3. e3 e6 4. g4 h6 5. h3 Bd6 6. Nf3 c5 7. c4 a6 8. Nc3 Nc6 9. Ne2 b5 10. cxd5 exd5 11. a3 O-O 12. Bg2 Bb7 13. O-O Re8 14. Rc1 Rc8 15. d3 Ba8 16. Re1 Rc7 17. Rc2 Bf8 18. Ng3 d4 19. exd4 Rxe1+ 20. Qxe1 Nxd4 21. Nxd4 Bxg2 22. Kxg2 cxd4 23. Rxc7 Qxc7 24. b4 Nd5 25.
Bxd4 Nf4+ 26. Kh2 Nxd3 27. Qe3 Nf4 28.
Be5 Bd6 29. Bxd6 Qxd6 30. Qe8+ Qf8 31.
Qc6 Qd8 32. Qxa6 Qd4 33. Qa8+ Kh7 34.
Qe4+ Qxe4 35. Nxe4 Ne2 36. Nd6 Nd4 37. Kg3 g5 38. Nxf7 Nc2 39. Kf3 Nxa3 40. Ne5 Nc2 41. Nd3 Kg6 42. Ke4 h5 43. Kd5 hxg4 44. hxg4 Kf6 45. Kd6 Na3 46. Nc5 Nc2 47. Ne4+ Kg6 48. Kc5 Na3 49. Nd6 1-0

[Variant "Standard"]
[Site "Europe Echecs"]

[Event "Open Cappelle-la-Grande"]
[Date "2025.02.17"]
[White "Feryn, Benjamin"]
[Black "Bauer, Christian"]
[WhiteElo "2228"]
[BlackElo "2548"]
[Round "4.4.17"]
[Result "0-1"]
[TimeControl "40/5400+30:1800+30"]

1. e4 c5 2. c3 d6 3. d4 Nf6 4. dxc5 Nc6 5. Qd3 dxc5 6. Qxd8+ Kxd8 7. f3 e6 8. Be3 b6 9. Na3 Bd6 10. Nc4 Bc7 11. a4 Ke7 12. Ne2 Bb7 13. Nf4 g5 14. Nd3 Rhg8 15. a5 Nd7 16. a6 Bc8 17. b4 cxb4 18. cxb4 b5 19. Na3 Bb6 20. Bxb6 axb6 21. Nxb5 Rxa6 22. Rc1 Bb7 23. e5 Ra4 24. Nd6 Ba8 25. b5 Ncxe5 26. Nxe5 Nxe5 27. Nc8+ Kf6 28. Nxb6 Ra2 29. Be2 g4 30. f4 Nf3+ 31. Kf1 Nd4 0-1

[Variant "Standard"]
[Site "Europe Echecs"]

[Event "Open Cappelle-la-Grande"]
[Date "2025.02.18"]
[White "Muthaiah AL"]
[Black "Iniyan, Pa"]
[WhiteElo "2474"]
[BlackElo "2523"]
[Round "5.5.1"]
[Result "1/2-1/2"]
[TimeControl "40/5400+30:1800+30"]

1. d4 d5 2. Bf4 c5 3. e3 Nc6 4. Nf3 Nf6 5. Nbd2 Bg4 6. c3 e6 7. Qb3 Qb6 8. Ne5 Qxb3 9. axb3 Nxe5 10. Bxe5 Nd7 11. Bb5 f6 12. Bg3 a6 13. h3 Bf5 14. O-O Rc8 15. Be2 Kf7 16. Bf3 cxd4 17. exd4 Nb6 18. b4 Bd3 19. Rfe1 Nc4 20. Nxc4 Bxc4 21. Be2 1/2-1/2

[Variant "Standard"]
[Site "Europe Echecs"]

[Event "Open Cappelle-la-Grande"]
[Date "2025.02.18"]
[White "Petriashvili, Nikoloz"]
[Black "Bacrot, Alexandre"]
[WhiteElo "2450"]
[BlackElo "2423"]
[Round "5.5.2"]
[Result "1-0"]
[TimeControl "40/5400+30:1800+30"]

1. Nf3 d5 2. b3 Bf5 3. Bb2 Nf6 4. g3 e6 5. Bg2 Be7 6. c4 O-O 7. cxd5 exd5 8. O-O Re8 9. a3 c6 10. d3 h6 11. Nbd2 Bh7 12. Re1 Nbd7 13. Rc1 Bf8 14. b4 a5 15. Bc3 axb4 16. axb4 Ra3 17. Qc2 Qa8 18. Nd4 Qa7 19. N2f3 Qb6 20. Rb1 Rea8 21. Rb2 Ra1 22. Bh3 Rxe1+ 23. Bxe1 Qd8 24. Nb3 Bd6 25. Nc5 Rb8 26. Rb1 Qe7 27. Nxd7 Nxd7 28. Bc3 Re8 29. Qb2 Ne5 30. Nxe5 Bxe5 31. Bxe5 Qxe5 32. Qxe5 Rxe5 33. Ra1 f5 34. Kf1 Kf7 35. d4 Re7 36. b5 cxb5 37. Ra5 Ke6 38. Rxb5 Kd6 39. Ke1 Kc6 40. Rc5+ Kd6 41. Rc8 Rc7 42. Rd8+ Rd7 43. Rf8 Ke7 44. Rb8 Bg6 45. Kd2 Kf6 46. Rc8 Bf7 47. Rc5 Be6 48. Rb5 Ke7 49. Rb6 Rc7 50. f3 Rd7 51. e3 g6 52. g4 Kf7 53. gxf5 gxf5 54. Bf1 Kf6 55. h4 Ke7 56. Ke2 Rc7 57. Kf2 f4 58. exf4 Bf5 59. Rxh6 Rc2+ 60. Kg3 Rd2 61. Rb6 Rxd4 62. Rxb7+ Kf6 63. Rb6+ Kg7 64. h5 Rd1 65. Ba6 Rh1 66. Rd6 Rh3+ 67. Kf2 Rxh5 68. Rxd5 Rh2+ 69. Kg3 Rh3+ 70.
Kg2 Rh6 71. Bb7 Rb6 72. Ba8 Ra6 73. Rd8 Rg6+ 74. Kf2 Rf6 75. Rd4 Rf8 76. Bb7 Rf7 77. Rb4 Rf8 78. Bd5 Kf6 79. Be4 Kg7 80. Kg3 Be6 81. Rb5 Bf7 82. Rb7 Kf6 83. Rb6+ Kg7 84. f5 Bh5 85. Kf4 Rf6 86. Rb7+ Rf7 87. Rb1 Rf8 88. Kg5 Bf7 89. Rb7 Kg8 90. Bc6 Kh8 91. Be4 Kg8 92. f6 Rc8 93. Kh6 Kf8 94. f4 Bg8 95. Bg6 Bd5 96. Rh7 Rc1 97. Rh8+ Bg8 98. f7 Rh1+ 99. Bh5 Rxh5+ 100. Kxh5 Kxf7 101. Rxg8 1-0

[Variant "Standard"]
[Site "Europe Echecs"]

[Event "Open Cappelle-la-Grande"]
[Date "2025.02.18"]
[White "Degraeve, Remy"]
[Black "Sorensen, Hampus"]
[WhiteElo "2371"]
[BlackElo "2430"]
[Round "5.5.3"]
[Result "1/2-1/2"]
[TimeControl "40/5400+30:1800+30"]

1. e4 c5 2. Nf3 d6 3. d4 cxd4 4. Nxd4 Nf6 5. Nc3 a6 6. Bd3 e5 7. Nde2 Be7 8. O-O O-O 9. Ng3 Bg4 10. Be2 Be6 11. Nd5 Nxd5 12. exd5 Bc8 13. f4 f5 14. Kh1 Nd7 15. c4 a5 16. Qc2 g6 17. Be3 Bf6 18. Rae1 b6 19. fxe5 Bxe5 20. Qd2 Nc5 21. Bg5 Bf6 22. Bh6 Re8 23. Bd1 Ra7 24. b3 Rxe1 25. Rxe1 Re7 26. Bc2 Qe8 27. Rxe7 Qxe7 28. Qe3 Kf7 29. Kg1 Ba6 30. Qxe7+ Kxe7 31. Be3 b5 32. cxb5 Bxb5 33. Nf1 Na6 34. a4 Bxf1 35. Kxf1 Nb4 36. Bd1 Nxd5 37. Bd2 Bc3 38. Bf3 Bxd2 39. Bxd5 Kf6 40. Ke2 Bb4 41. Kd3 Ke5 42. Kc4 g5 43. h3 h5 44. Bb7 g4 45. hxg4 hxg4 46. Bc6 f4 47. Bb7 f3 48. gxf3 g3 49. f4+ Kxf4 50. Kd3 Ke5 1/2-1/2

[Variant "Standard"]
[Site "Europe Echecs"]

[Event "Open Cappelle-la-Grande"]
[Date "2025.02.18"]
[White "Zienkiewicz, Jan"]
[Black "Tahay, Alexis"]
[WhiteElo "2345"]
[BlackElo "2386"]
[Round "5.5.4"]
[Result "0-1"]
[TimeControl "40/5400+30:1800+30"]

1. e4 c5 2. Nf3 d6 3. d4 cxd4 4. Nxd4 Nf6 5. Nc3 a6 6. h3 e5 7. Nf3 h6 8. g4 b5 9. a4 b4 10. Nd5 Nbd7 11. Be3 Bb7 12. Bc4 Be7 13. Qd3 O-O 14. O-O-O Rc8 15. Rhg1 Bxd5 16. Bxd5 Nxd5 17. exd5 Qa5 18. Qb3 Nc5 19. Bxc5 Qxc5 20. Rg2 Qc4 21. Nd2 Bg5 22. Kb1 Bxd2 23. Qxc4 Rxc4 24. Rxd2 Kh7 25. Ka2 f5 26. Kb3 Rf4 27. a5 fxg4 28. Rxg4 Rxg4 29. hxg4 Rf4 30. c4 bxc3 31. Kxc3 Rxg4 32. b4 h5 33. Ra2 h4 34. b5 h3 35. Ra1 axb5 36. a6 Ra4 37. Rxa4 bxa4 38. a7 h2 39. a8=Q h1=Q 40. Qxa4 Qf3+ 41. Kc2 Qxf2+ 42. Kb1 Qe1+ 43.
Kc2 Qe2+ 44. Kc1 Qe3+ 45. Kc2 Qc5+ 46.
Kb1 Qxd5 47. Qh4+ Kg8 48. Qd8+ Kf7 49.
Qd7+ Kf6 50. Qd8+ Kg6 51. Qe8+ Qf7 52.
Qc6 Qe6 53. Qg2+ Kf6 54. Ka1 e4 55. Qf2+ Qf5 56. Qh4+ Kf7 57. Qh1 e3 58. Qb7+ Kf6 59. Qb8 Qe5+ 60. Ka2 Qe6+ 61. Kb2 e2 62. Qf8+ Kg6 63. Qf3 e1=Q 64. Qg2+ Kf7 0-1

[Variant "Standard"]
[Site "Europe Echecs"]

[Event "Open Cappelle-la-Grande"]
[Date "2025.02.18"]
[White "Suleymenov, Alisher"]
[Black "Travadon, Loic"]
[WhiteElo "2481"]
[BlackElo "2401"]
[Round "5.5.5"]
[Result "1-0"]
[TimeControl "40/5400+30:1800+30"]

1. d4 Nf6 2. c4 e6 3. Nc3 d5 4. Bg5 Be7 5. e3 O-O 6. Nf3 Nbd7 7. Rc1 c6 8. cxd5 exd5 9. Bd3 Re8 10. O-O Ne4 11. Bf4 Nxc3 12. bxc3 Nf8 13. c4 Ng6 14. Bg3 Ba3 15. Rb1 Bd6 16. cxd5 Bxg3 17. hxg3 Qxd5 18. Qc2 Re7 19. Rb2 b6 20. e4 Qd7 21. a4 Bb7 22. Ra1 Rd8 23. a5 b5 24. a6 Bc8 25. e5 Qc7 26. Be4 c5 27. dxc5 Nxe5 28. Rxb5 Nxf3+ 29. gxf3 h5 30. c6 h4 31. g4 Qf4 32. Rb7 Re5 33. Qc4 Qf6 34. Re1 g6 35. Rxa7 Rg5 36. c7 Re8 37. Ra8 Kg7 38. Rxc8 Rxc8 39. Bb7 h3 40. Bxc8 Qxf3 41. Qd4+ Kh7 42. Bb7 Rxg4+ 43. Qxg4 Qxg4+ 44. Kh1 Qb4 45. Rc1 1-0

[Variant "Standard"]
[Site "Europe Echecs"]